AoeStats
← ramon_beas21

Arena

513617536Analyzed
2v2 RM · 5d ago on Oct 14, 2026· 47m 38s· 4 players
Game mode
Random Map
Map size
Medium (4 player)
Population
200
Speed
Normal
Resources
Standard
Victory
Conquest
Starting age
Dark Age
Ending age
Imperial Age
RankedLock teamsTeams togetherTeam positionsShared explorationLock speedFull tech treeHidden civsTurbo modeCheats
Victory
Defeat
🇪🇸 Britons · Spain
653
+14
🇮🇹 Persians · Italy
650
+14
vs
🇪🇸 Franks · Spain
667
-32
🇪🇸 Bohemians · Spain
555
-15
patolo9393
11:10 Feudal Age
12:25 Wheelbarrow
13:14 Double-Bit Axe
21:40 Castle Age
20:03 Horse Collar
22:22 Hand Cart
22:11 Heavy Plow
25:12 Gold Mining
26:40 Bow Saw
29:47 Gold Shaft Mining
36:14 Imperial Age
35:50 Husbandry
36:05 Bloodlines
40:17 Conscription
40:20 Scale Barding Armor
40:26 Forging
44:10 Chain Barding Armor
ramon_beas21
0:30 Loom
12:18 Feudal Age
14:56 Man-at-Arms
17:48 Arson
18:11 Horse Collar
24:42 Castle Age
25:12 Crossbowman
25:15 Pikeman
32:04 Yeomen
33:16 Fortified Wall
37:54 Imperial Age
35:38 Double-Bit Axe
35:56 Padded Archer Armor
35:47 Fletching
36:08 Forging
35:59 Scale Mail Armor
39:53 Leather Archer Armor
41:24 Arbalester
43:37 Elite Longbowman
45:44 Ballistics
antonio_0530
2:05 Loom
11:11 Feudal Age
11:38 Double-Bit Axe
12:10 Man-at-Arms
16:19 Horse Collar
17:25 Forging
17:17 Scale Mail Armor
22:32 Castle Age
23:26 Long Swordsman
23:27 Pikeman
26:20 Squires
30:29 Chemistry
30:21 Iron Casting
30:01 Chain Mail Armor
34:57 Imperial Age
33:40 Bow Saw
38:02 Murder Holes
40:18 Two-Handed Swordsman
42:35 Halberdier
46:22 Houfnice
j.clavero.92
10:19 Feudal Age
11:39 Wheelbarrow
11:02 Double-Bit Axe
13:02 Man-at-Arms
17:39 Scale Barding Armor
20:48 Castle Age
23:57 Hand Cart
24:10 Chain Barding Armor
24:02 Forging
23:57 Scale Mail Armor
24:16 Bow Saw
26:07 Pikeman
27:30 Iron Casting
27:54 Husbandry
32:46 Squires
32:32 Gambesons
32:53 Padded Archer Armor
32:29 Elite Skirmisher
34:26 Crossbowman
40:53 Imperial Age
41:29 Heavy Scorpion
42:04 Halberdier
42:53 Cranequins
46:59 Chemistry
46:53 Ballistics
Connection lost

Rejoining the realm…

Still unreachable

The connection could not be restored.

Session expired

The server has moved on; the page needs a fresh start.